AoeStats
← John Mayer

Arena

510174170Analyzed
2v2 RM · 4d ago on Sep 29, 2026· 48m 30s· 4 players
Game mode
Random Map
Map size
Medium (4 player)
Population
200
Speed
Normal
Resources
Standard
Victory
Conquest
Starting age
Dark Age
Ending age
Imperial Age
RankedLock teamsTeams togetherTeam positionsShared explorationLock speedFull tech treeHidden civsTurbo modeCheats
Victory
Defeat
🇩🇪 Khmer · Germany
1061
+16
🇩🇪 Persians · Germany
1035
+17
🇦🇷 Bohemians · Argentina
1078
-17
🇦🇷 Jurchens · Argentina
1042
-16
John Mayer
10:45 Feudal Age
14:55 Castle Age
13:37 Double-Bit Axe
13:57 Horse Collar
15:07 Gold Mining
15:37 Loom
15:38 Town Watch
22:04 Bow Saw
23:48 Heavy Plow
29:00 Wheelbarrow
31:49 Wheelbarrow
34:15 Imperial Age
32:26 Wheelbarrow
34:51 Bloodlines
34:52 Scale Mail Armor
35:03 Forging
34:23 Man-at-Arms
34:52 Gambesons
35:12 Squires
34:58 Arson
37:11 Two-Man Saw
36:43 Crop Rotation
36:33 Chain Mail Armor
35:41 Long Swordsman
37:17 Iron Casting
38:53 Hand Cart
38:53 Town Patrol
40:48 Chemistry
40:08 Ballistics
41:03 Plate Mail Armor
41:34 Blast Furnace
43:20 Fletching
striker6000
11:55 Feudal Age
15:50 Castle Age
13:47 Double-Bit Axe
14:00 Horse Collar
16:45 Bow Saw
16:33 Loom
16:35 Town Watch
22:28 Wheelbarrow
23:21 Heavy Plow
24:10 Fortified Wall
25:07 Hand Cart
25:46 Bloodlines
25:37 Husbandry
26:35 Bloodlines
27:09 Scale Barding Armor
28:30 Chain Barding Armor
30:51 Caravan
31:26 Coinage
34:53 Imperial Age
32:37 Forging
33:10 Stone Mining
33:57 Iron Casting
33:55 Redemption
34:38 Light Cavalry
36:11 Plate Barding Armor
36:06 Cavalier
36:08 Hussar
37:38 Ballistics
38:25 Chemistry
39:17 Blast Furnace
38:04 Heavy Scorpion
39:14 Conscription
39:08 Double Crossbow
40:33 Siege Engineers
41:15 Masonry
42:48 Capped Ram
44:28 Siege Ram
45:48 Town Patrol
45:50 Scale Mail Armor
47:36 Spies/Treason
49:18 Chain Mail Armor
49:03 Padded Archer Armor
48:54 Fletching
49:01 Murder Holes
49:36 Architecture
48:58 Gold Mining
49:40 Crop Rotation
Vagorr_
10:03 Feudal Age
14:54 Castle Age
13:26 Horse Collar
13:45 Double-Bit Axe
EsteNoEsPaisa
11:41 Feudal Age
12:52 Horse Collar
12:59 Double-Bit Axe
17:46 Castle Age
16:47 Scale Mail Armor
16:57 Forging
18:33 Squires
18:20 Gambesons
20:29 Chain Mail Armor
30:11 Bow Saw
31:44 Wheelbarrow
33:47 Imperial Age
32:20 Fortified Wall
34:21 Iron Casting
34:31 Heavy Plow
34:00 Elite Fire Lancer
35:56 Illumination
36:50 Two-Man Saw
36:55 Blast Furnace
36:37 Crop Rotation
36:56 Capped Ram
37:45 Siege Engineers
37:36 Loom
39:41 Hand Cart
41:21 Gold Mining
41:21 Stone Mining
41:22 Siege Ram
Connection lost

Rejoining the realm…

Still unreachable

The connection could not be restored.

Session expired

The server has moved on; the page needs a fresh start.